 Dungeon Crawl Stone Soup version 0.27.1-35-g4d5d836560 (console) character file.

Game seed: 450695313586176603

75 grimtooth the Skirmisher (level 4, -6/37 HPs)
             Began as a Demonspawn Abyssal Knight on May 28, 2022.
             Was a Follower of Lugonu.
             Blown up by Ijyb (15 damage)
             ... with a mindburst bolt
             ... on level 3 of the Dungeon.
             The game lasted 00:06:04 (2037 turns).

grimtooth the Skirmisher (DsAK)                     Turns: 2037, Time: 00:06:04

Health: -6/37      AC:  6    Str: 13    XL:     4   Next: 11%
Magic:  5/5        EV: 10    Int: 14    God:    Lugonu [*.....]
Gold:   145        SH:  0    Dex: 12    Spells: 3/3 levels left

rFire    . . .     SeeInvis .   a - +1 mace
rCold    . . .     Faith    .   (no shield)
rNeg     . . .     Spirit   .   k - +0 ring mail
rPois    .         Reflect  .   (helmet restricted)
rElec    .         Harm     .   i - +0 cloak
rCorr    .         Rampage  .   (no gloves)
Will     .....                  (no boots)
Stlth    +.........             (no amulet)
HPRegen  0.12/turn              (no ring)
MPRegen  0.09/turn              (no ring)

@: no status effects
A: antennae 2
a: Renounce Religion, Depart the Abyss


You were on level 3 of the Dungeon.
You worshipped Lugonu.
Lugonu was aware of your devotion.
You visited 1 branch of the dungeon, and saw 3 of its levels.
You visited the Abyss 1 time.

You collected 145 gold pieces.

Inventory:

Hand Weapons
 a - a +1 mace (weapon)
Missiles
 j - 11 sling bullets
 n - 20 stones (quivered)
Armour
 b - a +0 leather armour
 i - a +0 cloak (worn)
 k - a +0 ring mail (worn)
 r - a +0 robe of cold resistance
Scrolls
 d - a scroll of blinking {unknown}
 e - 2 scrolls of noise {unknown}
 f - a scroll of brand weapon {unknown}
 h - a scroll of magic mapping {unknown}
 o - a scroll of summoning {unknown}
 p - a scroll of acquirement {unknown}
 t - a scroll of identify {unknown}
Potions
 c - a potion of mutation {unknown}
 g - a potion of heal wounds {unknown}
 l - 2 potions of lignification {unknown}
 m - a potion of magic {unknown}
 q - a potion of degeneration {unknown}
 s - a potion of resistance {unknown}


   Skills:
 + Level 3.7 Fighting
 * Level 3.4 Maces & Flails
 - Level 1.7 Armour
 - Level 0.8 Dodging
 - Level 2.4 Invocations


You had 3 spell levels left.
You didn't know any spells.
Your spell library contained the following spells:

 Spells                   Type           Power      Damage    Failure   Level
 Gell's Gravitas          Tloc           0%         N/A       88%         3
 Lesser Beckoning         Tloc           0%         N/A       88%         3
 Teleport Other           Tloc           0%         N/A       88%         3


Dungeon Overview and Level Annotations

Branches:
Dungeon (3/15)

Altars:

Annotations:
D:3 Ijyb


Innate Abilities, Weirdness & Mutations

You have a pair of antennae on your head.


Message History

You closely miss the ball python.
The ball python bites you but does no damage.
The ball python grabs you. The ball python constricts you.
The ball python bites you but does no damage.
The ball python constricts you.
You hit the ball python.
The ball python is moderately wounded.
The ball python closely misses you. The ball python constricts you.
You hit the ball python.
You kill the ball python!
Lugonu accepts your kill.
You now have 145 gold pieces (gained 5).
t - a scroll labelled RAMMYTUFEO HP restored.
You open the door.
There is an open door here.
Ijyb the Twisted Goblin comes into view.
She is wielding a +0 club and carrying a wand of mindburst (7).
Ijyb shouts!
Ijyb zaps a wand.
Your mind is blasted!
Okay, then.
Ijyb zaps a wand.
Your mind is blasted!
You hit Ijyb but do no damage. Ijyb hits you with a +0 club.
You closely miss Ijyb.
Ijyb screams, "Get away!"
Ijyb hits you with a +0 club. Ijyb hits you but does no damage.
You hit Ijyb.
Ijyb is lightly wounded.
Ijyb closely misses you.
You hit Ijyb but do no damage.
Ijyb is lightly wounded.
Ijyb zaps a wand.
Your mind is blasted!
* * * LOW HITPOINT WARNING * * *
You hit Ijyb but do no damage.
Ijyb is lightly wounded.
Ijyb hits you with a +0 club.
* * * LOW HITPOINT WARNING * * *
You hit Ijyb but do no damage.
Ijyb is lightly wounded.
Ijyb zaps a wand.
Your mind is blasted!
You die...

##########
#.g.......
#@######## #.# #.#
#. #.# # #. #.# #.
#. #.# #.#+#. #.#
#..... #.# #.....
#.######### #.....
#.##......# #.#+#.
#.##......###.#.#)


You could see Ijyb.

Vanquished Creatures
  Jessica (D:3)
  An adder (D:2)
  2 dart slugs (D:2)
  4 ball pythons
  A bat (D:2)
  2 endoplasms (D:2)
  3 giant cockroaches
  2 goblins
  5 hobgoblins
  3 kobolds
  5 quokkas
  2 frilled lizards (D:1)
  A rat (D:3)
32 creatures vanquished.

Notes
Turn   | Place    | Note
-------+----------+-------------------------------------------
     0 | Abyss:1  | grimtooth the Demonspawn Abyssal Knight began the quest for
                  | the Orb.
     0 | Abyss:1  | Reached XP level 1. HP: 18/18 MP: 2/2
    52 | Abyss:1  | Noticed a starcursed mass
    55 | D:1      | Escaped the Abyss
   290 | D:1      | Gained mutation: You have a pair of small antennae on your
                  | head. [demonic ancestry]
   290 | D:1      | Reached XP level 2. HP: 22/24 MP: 3/3
   355 | D:1      | Reached * piety under Lugonu
   583 | D:1      | Found a faded altar of an unknown god.
  1101 | D:2      | Gained mutation: You have a pair of antennae on your head.
                  | [demonic ancestry]
  1101 | D:2      | Reached XP level 3. HP: 29/29 MP: 4/4
  1874 | D:3      | Noticed Jessica
  1890 | D:3      | Killed Jessica
  1891 | D:3      | Reached XP level 4. HP: 25/37 MP: 5/5
  2023 | D:3      | Noticed Ijyb
  2037 | D:3      | Blown up by Ijyb

Illustrated notes

Levels and vault maps discovered:
D:1:      giann_horns, layout_basic, basic_ecumenical_altar
D:2:      layout_rooms, serial_bayou_pond_a, grunt_ministairs_4
D:3:      layout_basic, serial_bayou_pond_c, uniq_jessica, uniq_ijyb

Skill      XL: |  1  2  3 |
---------------+----------+-----
Maces & Flails | 2 3 |  3.4
Fighting       | |  3.7
Armour         | |  1.7
Dodging        | |  0.8
Invocations    | |  2.4

Action                   |  1- 3 |  4- 6 || total
-------------------------+-------+-------++-------
Melee: Mace              |    84 |    11 ||    95
Throw: Stone             |     9 |       ||     9
Invok: Depart the Abyss  |     1 |       ||     1
 Stab: Sleeping          |     1 |       ||     1
Armor: Leather armour    |     5 |       ||     5
       Ring mail         |    34 |     3 ||    37
Dodge: Dodged            |    42 |     2 ||    44
